 Dungeon Crawl Stone Soup version 0.26.1-11-gd32895ea62 (webtiles) character file.

Game seed: 17220313857026292336

227 MisterFreud the Skirmisher (level 5, -2/53 HPs)
             Began as a Minotaur Abyssal Knight on May 18, 2021.
             Was a Believer of Lugonu.
             Slain by Pikel
             ... wielding a +2 whip of flaming
              (6 damage)
             ... on level 5 of the Dungeon.
             The game lasted 00:03:41 (3497 turns).

MisterFreud the Skirmisher (MiAK)                   Turns: 3497, Time: 00:03:42

Health: -2/53      AC:  5    Str: 18    XL:     5   Next: 70%
Magic:  5/5        EV: 11    Int:  9    God:    Lugonu [**....]
Gold:   171        SH:  0    Dex:  9    Spells: 4/4 levels left

rFire    . . .     SeeInvis .   a - +1 falchion
rCold    . . .     Faith    .   (no shield)
rNeg     . . .     Spirit   .   b - +0 leather armour
rPois    .         Reflect  .   (helmet restricted)
rElec    .         Harm     .   m - +1 cloak
rCorr    .         Rampage  .   (no gloves)
Will     .....                  (no boots)
Stlth    +.........             (no amulet)
HPRegen  0.17/turn              (no ring)
MPRegen  0.09/turn              (no ring)

@: brilliant
A: retaliatory headbutt, horns 2
a: Renounce Religion, Depart the Abyss, Bend Space


You were on level 5 of the Dungeon.
You worshipped Lugonu.
Lugonu was pleased with you.
You visited 1 branch of the dungeon, and saw 5 of its levels.
You visited the Abyss 1 time.

You collected 171 gold pieces.

Inventory:

Hand Weapons
 a - a +1 falchion (weapon)
 n - a +1 whip of draining
Armour
 b - a +0 leather armour (worn)
 m - a +1 cloak (worn)
Wands
 k - a wand of flame (19)
Scrolls
 c - a scroll of teleportation
 d - a scroll of amnesia
 e - 2 scrolls of remove curse
 i - 4 scrolls of identify
Potions
 f - 2 potions of flight
 g - a potion of curing
 h - a potion of brilliance


   Skills:
 * Level 7.8 Fighting
 - Level 2.4 Long Blades
 - Level 2.4 Armour
 - Level 1.1 Dodging
 - Level 1.7 Invocations


You had 4 spell levels left.
You didn't know any spells.
Your spell library was empty.

Dungeon Overview and Level Annotations

Branches:
Dungeon (5/15)
 Temple: D:4-7

Altars:

Annotations:
D:5 Pikel


Innate Abilities, Weirdness & Mutations

You reflexively headbutt those who attack you in melee.
You have a pair of horns on your head.


Message History

Unknown command.
Unknown command.
Press: ? - help, v - describe, . - travel
Here: Pikel, wielding a +2 whip of flaming and wearing a +1 robe of fire resistance (moderately wounded)
The floor, spattered with blood.
Unknown command.
As you read the scroll labelled SOATHR CEYSTREGI, it crumbles to dust.
It is a scroll of enchant armour.
Your +0 cloak glows green for a moment.
The lemure barely misses you.
Pikel hits you with a +2 whip of flaming.
* * * LOW HITPOINT WARNING * * *
Pikel burns you.
* * * LOW HITPOINT WARNING * * *
The lemure hits you but does no damage.
As you read the scroll labelled IHUOR YLURIG, it crumbles to dust.
The creatures around you are filled with an inner flame!
It was a scroll of immolation.
The lemure hits you.
* * * LOW HITPOINT WARNING * * *
Pikel hits you with a +2 whip of flaming.
You die...

#............#.# .##
#..#.....#..##.+..5$
..##..#............
#........#..##...
#..##..#...5.#.#
##.#...........##
##........#...#..#
#...#...#.##.##5.#
+...##.##...5K@5.#
####.........#######
....>....#.#+#
.........#...
.........#...#
.........# .#
.........##
...........
............


You could see Pikel (inner flame) and 3 lemures.

Vanquished Creatures
  A hound (D:4)
  An iguana (D:5)
  Ijyb (D:4)
  A worker ant (D:4)
  3 adders (D:2)
  4 worms
  3 dart slugs
  3 leopard geckos
  An orc (D:4)
  A giant cockroach (D:4)
  14 goblins
  3 hobgoblins
  9 jackals
  2 quokkas
  12 bats
  5 frilled lizards
  6 kobolds
  7 rats
77 creatures vanquished.

Vanquished Creatures (others)
  A goblin (D:4)
1 creature vanquished.

Grand Total: 78 creatures vanquished

Notes
Turn   | Place    | Note
-------+----------+-------------------------------------------
     0 | Abyss:1  | MisterFreud the Minotaur Abyssal Knight began the quest for
                  | the Orb.
     0 | Abyss:1  | Reached XP level 1. HP: 19/19 MP: 1/1
     0 | D:1      | Escaped the Abyss
   106 | D:1      | Reached skill level 4 in Fighting
   135 | D:1      | Reached XP level 2. HP: 28/28 MP: 2/2
   195 | D:1      | Reached * piety under Lugonu
   634 | D:1      | Reached skill level 5 in Fighting
   763 | D:2      | Reached XP level 3. HP: 35/36 MP: 3/3
  1279 | D:2      | Reached ** piety under Lugonu
  1462 | D:2      | Reached skill level 6 in Fighting
  1462 | D:2      | Reached XP level 4. HP: 33/44 MP: 4/4
  2161 | D:3      | Found a faded altar of an unknown god.
  2862 | D:4      | Reached XP level 5. HP: 50/51 MP: 5/5
  2874 | D:4      | Noticed Ijyb
  2886 | D:4      | Reached skill level 7 in Fighting
  2886 | D:4      | Killed Ijyb
  3138 | D:5      | Entered Level 5 of the Dungeon
  3480 | D:5      | Noticed Pikel
  3480 | D:5      | Noticed a lemure
  3485 | D:5      | Noticed a lemure
  3489 | D:5      | Noticed a lemure
  3497 | D:5      | Slain by Pikel

Illustrated notes

Levels and vault maps discovered:
D:1:      saegor_arrival_simple_b, layout_basic
D:2:      layout_basic
D:3:      layout_basic, chequers_ecumenical_altar_simple_redux, serial_glass,
          glass_columns_c, glass_columns_c, ebering_dispersal_statue_hall
D:4:      kennysheep_goblin_castle, layout_cave_pools,
          minmay_temple_entry_statues_pillars, lemuel_blue_sif_altar,
          uniq_crazy_yiuf_cottage
D:5:      layout_gridville, hangedman_decor_clover_reticule,
          kennysheep_slug_shrine, uniq_pikel

Skill      XL: |  1  2  3  4  5 |
---------------+----------------+-----
Fighting       | 4 5 6 7 |  7.8
Long Blades    | |  2.4
Armour         | |  2.4
Dodging        | |  1.1
Invocations    | |  1.7

Action                   |  1- 3 |  4- 6 || total
-------------------------+-------+-------++-------
Melee: Falchion          |   113 |    63 ||   176
       Headbutt          |    13 |    13 ||    26
       Whip              |       |    14 ||    14
Invok: Depart the Abyss  |     1 |       ||     1
  Use: Scroll            |     5 |     2 ||     7
       Potion            |       |     2 ||     2
Armor: Leather armour    |    31 |    31 ||    62
Dodge: Dodged            |    74 |    82 ||   156
       Rpst.: Falchion   |    17 |    15 ||    32
